[Event "Late-Titled-Tuesday-Blitz-February-06-2024"]
[Site "Chess.com"]
[Date "2024.02.06"]
[Round "8"]
[White "Msb2"]
[Black "DavidGavrilescu18"]
[Result "1-0"]
[WhiteElo "2988"]
[BlackElo "2776"]
[TimeControl "180+1"]
[EndTime "15:28:14 PST"]
[Termination "Msb2 won on time"]

1. d4 d5 2. c4 e6 3. Nc3 Nf6 4. cxd5 exd5 5. Bg5 Bb4 6. Qb3 c5 7. dxc5 Nc6 8. O-O-O Be6 9. e4 Bxc3 10. bxc3 O-O 11. exd5 Na5 12. Qb4 Bf5 13. Bxf6 Qxf6 14. Qxa5 b6 15.
Qa3 bxc5 16. Nf3 Qh6+ 17. Rd2 Rab8 18. Qb3 Rxb3 19. axb3 Be4 20. Bc4 Qg6 21. Re1 Qxg2 22. Ne5 Bf5 23. d6 Qh3 24. Re3 Qh4 25. Nxf7 g6 26.
d7 Bxd7 27. Rxd7 Kg7 28. Ng5+ Kf6 29. Nxh7+ Kf5 30. Nxf8 Qxh2 31. Rf7+ Kg4 32. Rg3+ 1-0

[Event "Late-Titled-Tuesday-Blitz-February-06-2024"]
[Site "Chess.com"]
[Date "2024.02.06"]
[Round "8"]
[White "terrortoast"]
[Black "giovannibrandao7"]
[Result "1-0"]
[WhiteElo "2432"]
[BlackElo "2232"]
[TimeControl "180+1"]
[EndTime "15:28:15 PST"]
[Termination "terrortoast won by resignation"]

1. d4 Nf6 2. c4 e6 3. Nc3 Bb4 4. e3 O-O 5. Bd3 d5 6. cxd5 exd5 7. a3 Be7 8. Nge2 c6 9. O-O Nbd7 10. Bd2 b5 11. Qc2 Bb7 12. f3 Re8 13. e4 Nf8 14.
e5 N6d7 15. f4 a6 16. b4 a5 17. Rab1 axb4 18. axb4 f6 19. Ng3 g6 20. e6 Nxe6 21. Bxg6 Ndf8 22. Bxe8 Qxe8 23. Nf5 Bd8 24. Rf3 Qd7 25.
Rg3+ Kh8 26. Nh6 Ng6 27. f5 Ng5 1-0

[Event "Late-Titled-Tuesday-Blitz-February-06-2024"]
[Site "Chess.com"]
[Date "2024.02.06"]
[Round "8"]
[White "Mikasinski"]
[Black "JonasGallasch"]
[Result "0-1"]
[WhiteElo "2592"]
[BlackElo "2441"]
[TimeControl "180+1"]
[EndTime "15:28:17 PST"]
[Termination "JonasGallasch won on time"]

1. e4 c6 2. d4 d5 3. e5 Bf5 4. h4 h5 5. Bg5 Qb6 6. Bd3 Bxd3 7.
Qxd3 Qa6 8. Qb3 e6 9. Nd2 c5 10.
c3 Nc6 11. Ngf3 cxd4 12. cxd4 Nb4 13. Kd1 Nc6 14. Rc1 Nge7 15. Bxe7 Bxe7 16. a3 O-O 17. Qe3 Rac8 18. Rc3 Na5 19. Ne1 Rxc3 20. Qxc3 b6 21. Qd3 Nc4 22. Ke2 b5 23. Nxc4 dxc4 24. Qf3 b4 25.
axb4 c3+ 26. Qd3 cxb2 27. Nc2 Qa2 28. Qd1 Rc8 29. Kf3 Qb3+ 30. Ne3 Qxd1+ 31. Rxd1 Rc1 32. d5 Rxd1 33. Nxd1 b1=Q 0-1

[Event "Late-Titled-Tuesday-Blitz-February-06-2024"]
[Site "Chess.com"]
[Date "2024.02.06"]
[Round "8"]
[White "Boninknights"]
[Black "szachmistrz2500"]
[Result "1-0"]
[WhiteElo "2355"]
[BlackElo "2487"]
[TimeControl "180+1"]
[EndTime "15:28:17 PST"]
[Termination "Boninknights won by resignation"]

1. d4 Nf6 2. Nf3 d5 3. c4 e6 4.
Nc3 a6 5. e3 Be7 6. Qc2 O-O 7.
a3 Nbd7 8. h3 c5 9. cxd5 exd5 10. dxc5 Nxc5 11. b4 Ne6 12. Bd3 Bd7 13. O-O Rc8 14. Qb3 Bc6 15. Bb2 Ne4 16. Rfd1 Nxc3 17. Bxc3 Bf6 18. Rac1 Qe7 19. Ne5 Bxe5 20. Bxe5 Ng5 21.
Qb2 f6 22. Bd4 Ne4 23. Bc5 Nxc5 24. Rxc5 Rfd8 25. Qc2 h6 26. Bxa6 Qd7 27. b5 bxa6 28.
bxc6 Qd6 29. c7 Rd7 30. Rcxd5 Rdxc7 31. Qb3 Qe6 32. Rd8+ Kf7 33. R8d7+ Rxd7 34. Rxd7+ 1-0

[Event "Late-Titled-Tuesday-Blitz-February-06-2024"]
[Site "Chess.com"]
[Date "2024.02.06"]
[Round "8"]
[White "Mackster23"]
[Black "Durarbayli"]
[Result "0-1"]
[WhiteElo "2746"]
[BlackElo "2918"]
[TimeControl "180+1"]
[EndTime "15:28:19 PST"]
[Termination "Durarbayli won by checkmate"]

1. e4 e6 2. d4 d5 3. Nc3 Nf6 4. Bg5 dxe4 5. Nxe4 Nbd7 6. Nf3 h6 7. Nxf6+ Nxf6 8.
Be3 Bd6 9. h3 O-O 10. Bd3 b6 11. Qd2 Bb7 12. O-O-O Nd5 13. Ne5 c5 14. Kb1 Qc7 15.
Bxh6 gxh6 16. Qxh6 f6 17. Ng6 Qg7 18. Qh4 c4 19. Nxf8 cxd3 20. Nxe6 dxc2+ 21. Kxc2 Qg6+ 22. Kb3 Nb4 23. Nf4 Qc2+ 24. Ka3 Nd3+ 25. b4 Bxb4# 0-1

[Event "Late-Titled-Tuesday-Blitz-February-06-2024"]
[Site "Chess.com"]
[Date "2024.02.06"]
[Round "8"]
[White "DenLaz"]
[Black "tptagain"]
[Result "0-1"]
[WhiteElo "3047"]
[BlackElo "2964"]
[TimeControl "180+1"]
[EndTime "15:28:20 PST"]
[Termination "tptagain won by resignation"]

1. d4 d5 2. c4 e6 3. Nc3 Bb4 4. Nf3 dxc4 5. Qa4+ Nc6 6. a3 Bxc3+ 7.
bxc3 Qd5 8. g3 b5 9. Qc2 Nf6 10.
Bg2 Bb7 11. O-O O-O 12. Nh4 Qd7 13. e4 Na5 14. Bg5 Ne8 15. Rad1 Nb3 16. Be3 Qe7 17. f4 c5 18. f5 cxd4 19. cxd4 Rd8 20. Qf2 Qxa3 21.
g4 c3 22. Rb1 Nf6 23. Bg5 Nxd4 24. Bxf6 gxf6 25. g5 c2 26. Rbc1 fxg5 27. Kh1 Kh8 28. Nf3 Nxf3 29. Bxf3 exf5 30. Rxc2 Qxf3+ 31. Qxf3 Bxe4 32. Qxe4 fxe4 33. Rf5 e3 0-1

[Event "Late-Titled-Tuesday-Blitz-February-06-2024"]
[Site "Chess.com"]
[Date "2024.02.06"]
[Round "8"]
[White "YouShallNotPass001"]
[Black "Tsschessulover"]
[Result "1-0"]
[WhiteElo "2479"]
[BlackElo "2581"]
[TimeControl "180+1"]
[EndTime "15:28:21 PST"]
[Termination "YouShallNotPass001 won by resignation"]

1. Nf3 Nf6 2. e3 g6 3. c4 Bg7 4. Be2 O-O 5. O-O d5 6. Qc2 b6 7. cxd5 Nxd5 8. a3 Bb7 9. d3 c5 10. Bd2 Nc6 11. Nc3 Rc8 12. Nxd5 Qxd5 13. Rad1 Rfd8 14.
Bc1 Ne5 15. Rfe1 Rd7 16. b3 Rcd8 17. Bb2 Qd6 18. Nxe5 Bxe5 19. Bxe5 Qxe5 20. Rd2 Qg5 21. Bf1 h5 22. b4 cxb4 23. axb4 h4 24. e4 f5 25. exf5 h3 26. g3 Qxf5 27. Qc4+ Kg7 28. Re3 Rd4 29. Rxe7+ Kf8 30. Qc7 Qf3 31. Qxb7 Qf6 32.
Rh7 Kg8 33. Rxh3 R4d5 34. Qh7+ Kf8 35. Rh6 Qg7 36. Qxg6 Qxg6 37. Rxg6 Kf7 38. Rg4 Rf5 39. Re4 a5 40. bxa5 bxa5 41. Ra2 Ra8 42. Rea4 Rd5 43. d4 Ke6 44. Bg2 1-0

[Event "Late-Titled-Tuesday-Blitz-February-06-2024"]
[Site "Chess.com"]
[Date "2024.02.06"]
[Round "8"]
[White "Statham_01"]
[Black "Quattroporte300"]
[Result "1-0"]
[WhiteElo "2588"]
[BlackElo "2388"]
[TimeControl "180+1"]
[EndTime "15:28:22 PST"]
[Termination "Statham_01 won by resignation"]

1. e4 c5 2. c3 d5 3. exd5 Qxd5 4. Nf3 Nf6 5. d4 e6 6. Be3 Nc6 7. Be2 Be7 8. dxc5 Qxd1+ 9. Bxd1 Ng4 10. b4 Nxe3 11.
fxe3 a5 12. Ba4 axb4 13. Bxc6+ bxc6 14. cxb4 Ra4 15. a3 Bf6 16. Nd4 Bd7 17. Nc3 Ra8 18. O-O Ke7 19. Ne4 Be5 20. Nd6 f5 21. Nc4 Bf6 22. Rad1 Rhd8 23. Nb6 Ra6 24. a4 Be8 25. a5 g6 26. Rd2 Bg5 27. Kf2 e5 28. Nf3 Rxd2+ 29.
Nxd2 Ra7 30. Ndc4 e4 31. Nc8+ Ke6 32. Nxa7 Bf6 33. Rd1 g5 34. Rd6+ Ke7 35. Nxc6+ Bxc6 36. Rxc6 f4 37. Rxf6 Kxf6 38. a6 1-0

[Event "Late-Titled-Tuesday-Blitz-February-06-2024"]
[Site "Chess.com"]
[Date "2024.02.06"]
[Round "8"]
[White "LionTheLeon_06"]
[Black "Korchmar_Vasiliy"]
[Result "1-0"]
[WhiteElo "2886"]
[BlackElo "2729"]
[TimeControl "180+1"]
[EndTime "15:28:25 PST"]
[Termination "LionTheLeon_06 won on time"]

1. c4 c6 2. Nf3 d5 3. e3 Nf6 4. b3 e6 5. Bb2 Bd6 6. Nc3 O-O 7.
d4 Nbd7 8. Be2 b6 9. O-O Bb7 10. Bd3 dxc4 11. bxc4 e5 12. Qc2 h6 13. Rad1 Qe7 14. h3 Rfe8 15. Nh4 e4 16. Nf5 Qe6 17.
Nxe4 Nxe4 18. Bxe4 Bf8 19. Bf3 Nf6 20. Ng3 Ba6 21. d5 cxd5 22. cxd5 Qd7 23. Rfe1 Rac8 24.
Qb1 Bb4 25. Bxf6 Bxe1 26. Rxe1 gxf6 27. Nh5 Qd6 28. Qf5 Re5 29. Nxf6+ Kg7 30. Nh5+ Kg8 31. Qf4 Rc4 32. Qg3+ Kf8 33. Qg7+ Ke7 34. Qh8 Rg5 35. Ng3 Rc8 36. Qb2 Bc4 37. Ne4 1-0

[Event "Late-Titled-Tuesday-Blitz-February-06-2024"]
[Site "Chess.com"]
[Date "2024.02.06"]
[Round "8"]
[White "GeorgiosSouleidis"]
[Black "Der_Balak_3Halak"]
[Result "0-1"]
[WhiteElo "2669"]
[BlackElo "2535"]
[TimeControl "180+1"]
[EndTime "15:28:26 PST"]
[Termination "Der_Balak_3Halak won by resignation"]

1. e4 c5 2. Be2 e5 3. d3 g6 4. f4 d6 5. Nf3 Nc6 6. fxe5 dxe5 7.
O-O Bg7 8. c4 Nge7 9. Nc3 O-O 10. Be3 Nd4 11. Nd5 f5 12. Bg5 Ndc6 13. Qd2 f4 14.
Nxe7+ Nxe7 15. b4 h6 16. Bh4 g5 17. Bf2 cxb4 18. Qxb4 Nc6 19. Qb2 g4 20. Nh4 Qg5 21.
g3 Nd4 22. Bxd4 exd4 23. Qb5 f3 24. Qxg5 hxg5 25. Bxf3 gxh4 26. Be2 hxg3 27. Rxf8+ Kxf8 28. hxg3 Be5 29. Kg2 Be6 30. Rh1 Kg7 31. Rh5 Bf6 32. Rb5 b6 33. c5 Bd7 34. Rb2 Rb8 35. c6 Bxc6 36. Bxg4 Be5 37. Bf5 Kf7 38. Rc2 Bb5 39. Rd2 Rg8 40. g4 Rh8 41. Kf3 Rh3+ 42. Ke2 Re3+ 43.
Kd1 Rxd3 44. Rxd3 Bxd3 45. Kd2 Bc4 46. g5 Bf4+ 47. Kc2 d3+ 0-1

[Event "Late-Titled-Tuesday-Blitz-February-06-2024"]
[Site "Chess.com"]
[Date "2024.02.06"]
[Round "8"]
[White "norwaytoadog"]
[Black "Canal_Showdrez"]
[Result "1-0"]
[WhiteElo "2230"]
[BlackElo "2034"]
[TimeControl "180+1"]
[EndTime "15:28:26 PST"]
[Termination "norwaytoadog won by resignation"]

1. e4 c5 2. Nf3 Nc6 3. Bb5 e6 4. Bxc6 bxc6 5. d3 Ne7 6. h4 h5 7. e5 g6 8. Bg5 Qc7 9. Bf6 Rg8 10. Nbd2 Nd5 11. Ne4 Bb7 12. c4 Be7 13. cxd5 cxd5 14. Bxe7 dxe4 15. Bd6 Qa5+ 16. Qd2 Qxd2+ 17. Nxd2 exd3 18.
f3 Rc8 19. Rc1 f5 20. Kf2 Kf7 21. Ke3 Rc6 22. Rxc5 Ra6 23. a3 Ra4 24. g3 Ba6 25. f4 Bb7 26. Rhc1 Bc6 27. R1c3 Rc8 28. Kxd3 Be4+ 29.
Nxe4 fxe4+ 30. Ke3 Rxc5 31. Rxc5 Ra6 32. Rc7 Rb6 33. b4 a5 34. Rxd7+ Kg8 35. Rd8+ Kg7 36. Kxe4 axb4 37. axb4 Ra6 38. b5 Ra4+ 39. Kd3 Ra2 40. b6 Rb2 41. Rd7+ Kg8 42. b7 Rb3+ 1-0

[Event "Late-Titled-Tuesday-Blitz-February-06-2024"]
[Site "Chess.com"]
[Date "2024.02.06"]
[Round "8"]
[White "martinez_95"]
[Black "j_coca"]
[Result "0-1"]
[WhiteElo "2243"]
[BlackElo "2458"]
[TimeControl "180+1"]
[EndTime "15:28:27 PST"]
[Termination "j_coca won on time"]

1. d4 g6 2. Nf3 Bg7 3. Nc3 d6 4. g3 Nh6 5. Bg2 O-O 6. O-O Kh8 7. e4 Nc6 8. h3 Ng8 9. Be3 e5 10. d5 Nce7 11. Nh2 f5 12. f4 Rf7 13. Nf3 exf4 14.
Bxf4 fxe4 15. Ng5 Rf8 16. Ncxe4 h6 17. Ne6 Bxe6 18. dxe6 g5 19. Be3 d5 20. Nc5 Rxf1+ 21. Qxf1 Qd6 22. Kh2 b6 23. Nd3 Qxe6 24. Re1 Qd7 25. Qg1 c5 26. Bd2 Rf8 27. Ne5 Qd6 28. Bc3 d4 29. Nc4 Qc7 30. Bd2 Nf5 31. Be4 Nd6 32.
Nxd6 Qxd6 0-1

[Event "Late-Titled-Tuesday-Blitz-February-06-2024"]
[Site "Chess.com"]
[Date "2024.02.06"]
[Round "8"]
[White "cande_francisco"]
[Black "Gryffindorac8"]
[Result "0-1"]
[WhiteElo "2523"]
[BlackElo "2386"]
[TimeControl "180+1"]
[EndTime "15:28:28 PST"]
[Termination "Gryffindorac8 won by resignation"]

1. e4 c5 2. Nf3 d6 3. Bb5+ Bd7 4. Bxd7+ Qxd7 5. c4 Nf6 6. Nc3 Nc6 7. d4 cxd4 8. Nxd4 g6 9. f3 Bg7 10. Be3 O-O 11.
O-O e6 12. Qd2 Rac8 13. b3 a6 14. Nxc6 Qxc6 15. Rac1 Rfd8 16. Rfd1 h5 17. Bd4 Rd7 18. Na4 Rdd8 19. Qb2 Ne8 20. Bxg7 Nxg7 21. Qd4 b5 22.
Nb2 b4 23. Nd3 e5 24. Qe3 a5 25. c5 Ne6 26. cxd6 Qxd6 27. Nb2 Rxc1 28. Qxc1 Qe7 29. Nc4 Nd4 30. Nxa5 Ne2+ 31. Kf2 Nxc1 0-1

[Event "Late-Titled-Tuesday-Blitz-February-06-2024"]
[Site "Chess.com"]
[Date "2024.02.06"]
[Round "8"]
[White "andrzej"]
[Black "bilelou"]
[Result "0-1"]
[WhiteElo "2464"]
[BlackElo "2749"]
[TimeControl "180+1"]
[EndTime "15:28:30 PST"]
[Termination "bilelou won on time"]

1. e4 c5 2. Nf3 Nc6 3. d4 cxd4 4. Nxd4 Nf6 5. Nc3 e6 6. Ndb5 Bc5 7. Nd6+ Ke7 8. Bf4 e5 9. Nf5+ Kf8 10. Bg5 d6 11.
Bc4 h6 12. Be3 Bxf5 13. Bxc5 dxc5 14. exf5 Nd4 15. O-O Qd7 16. f4 e4 17. a4 Qxf5 18.
h3 Re8 19. Ne2 Nxe2+ 20. Qxe2 e3 21. Qf3 Qe4 22. Qe2 g6 23. Rad1 Kg7 24. Rd6 Re7 25. f5 Qe5 26. Rd3 g5 27. Rfd1 Rhe8 28. Rd6 Qxb2 29. h4 Re4 30. hxg5 hxg5 31. Bd3 Rh4 32. Qf3 Qe5 33. Rxf6 Qh2+ 34. Kf1 Rf4 35. Rxf7+ Kxf7 36. Bc4+ Kf8 0-1

[Event "Late-Titled-Tuesday-Blitz-February-06-2024"]
[Site "Chess.com"]
[Date "2024.02.06"]
[Round "8"]
[White "Sanyura"]
[Black "reevecanada"]
[Result "0-1"]
[WhiteElo "2673"]
[BlackElo "2574"]
[TimeControl "180+1"]
[EndTime "15:28:30 PST"]
[Termination "reevecanada won by resignation"]

1. e4 c5 2. Nf3 d6 3. d4 cxd4 4. Nxd4 Nf6 5. Nc3 a6 6. g3 e5 7. Nb3 Be6 8. Bg2 Be7 9. O-O O-O 10. h3 Nbd7 11. Re1 Rc8 12. a4 Qc7 13. Nd2 Nc5 14. Nf1 Qa5 15. Ne3 b5 16. b4 Qxb4 17. Bd2 Qd4 18.
axb5 Ncxe4 19. Nxe4 Nxe4 20. Bxe4 Qxe4 21. bxa6 Bxh3 22.
a7 Qa8 23. Qh5 Be6 24. c4 g6 25. Qh6 Rc7 26. Nd5 Bxd5 27. cxd5 Rxa7 28. Rad1 Ra2 29.
Bg5 Bxg5 30. Qxg5 Rb8 31. Qf6 Rbb2 32. Rf1 Qb8 33. Rd3 Rd2 34. Rf3 Ra7 35. Kg2 Rxd5 36. Rh1 Qf8 37. g4 Rd4 38. Rg3 Rf4 39. Qg5 f6 40. Qh4 f5 41. Qg5 fxg4 42. Rxg4 Rxf2+ 43. Kh3 Qf3+ 0-1

[Event "Late-Titled-Tuesday-Blitz-February-06-2024"]
[Site "Chess.com"]
[Date "2024.02.06"]
[Round "8"]
[White "olawsson"]
[Black "howitzer14"]
[Result "0-1"]
[WhiteElo "2143"]
[BlackElo "2948"]
[TimeControl "180+1"]
[EndTime "15:28:31 PST"]
[Termination "howitzer14 won on time"]

1. d4 f5 2. g3 Nf6 3. Bg2 g6 4. c3 Bg7 5. Qb3 c6 6. Nh3 Qb6 7. Nd2 d6 8. Nc4 Qa6 9. Ng5 Rf8 10. O-O h6 11. Nf3 Nbd7 12. Re1 Nb6 13. Ncd2 Qa4 14. e4 fxe4 15. Nxe4 Nxe4 16. Rxe4 Bf5 17. Re1 g5 18.
Bd2 Kd7 19. h3 Qxb3 20. axb3 a6 21. Re3 Nd5 22. Ree1 Rf7 23. c4 Nc7 24. g4 Bc2 25. b4 Raf8 26. Re3 Ne6 27. Bc3 Nf4 28. Rae1 Nxg2 29.
Kxg2 Bb3 30. c5 Bd5 0-1

[Event "Late-Titled-Tuesday-Blitz-February-06-2024"]
[Site "Chess.com"]
[Date "2024.02.06"]
[Round "8"]
[White "Mikhail_Golubev"]
[Black "ContrVersia"]
[Result "1-0"]
[WhiteElo "2675"]
[BlackElo "2832"]
[TimeControl "180+1"]
[EndTime "15:28:33 PST"]
[Termination "Mikhail_Golubev won by resignation"]

1. e4 c5 2. Nf3 d6 3. d4 cxd4 4. Nxd4 Nf6 5. Nc3 Nc6 6. Bc4 e6 7. Be3 a6 8. Bb3 Na5 9. f4 Be7 10. O-O Qc7 11. f5 Nxb3 12. axb3 e5 13. Nde2 Bd7 14.
Bg5 Bc6 15. Bxf6 Bxf6 16. Qd3 O-O 17. Ng3 Qb6+ 18. Kh1 Qd4 19. Qe2 g6 20. Rad1 Qc5 21. Nd5 Bg7 22. f6 Bh6 23. Qg4 Bxd5 24. exd5 Kh8 25.
Ne4 Qxc2 26. Qh4 Be3 27. Rde1 Bf4 28. Rxf4 exf4 29. Qh6 1-0

[Event "Late-Titled-Tuesday-Blitz-February-06-2024"]
[Site "Chess.com"]
[Date "2024.02.06"]
[Round "8"]
[White "OneTrickPony_82"]
[Black "bascheyaro"]
[Result "0-1"]
[WhiteElo "2542"]
[BlackElo "2787"]
[TimeControl "180+1"]
[EndTime "15:28:33 PST"]
[Termination "bascheyaro won by resignation"]

1. d4 d5 2. c4 c6 3. Nf3 Nf6 4.
cxd5 cxd5 5. Nc3 Nc6 6. Bf4 a6 7. Qb3 Na5 8. Qc2 g6 9. e3 Bf5 10. Bd3 Bxd3 11. Qxd3 Bg7 12. O-O O-O 13. h3 Rc8 14.
Rfc1 e6 15. Na4 Ne4 16. Ne5 Bxe5 17. Bxe5 Nc4 18. Bf4 b5 19. b3 Qh4 20. bxc4 Qxf2+ 21. Kh2 bxa4 22. c5 g5 23. Rc2 Qh4 24. Be5 f6 25. Bd6 Rfd8 26. Rac1 Rc6 27. g3 Qh5 28. Rb1 Rdc8 29.
Rb7 Nxd6 30. g4 Qg6 31. Qxg6+ hxg6 32. Ra7 Nb5 33. Re7 R8c7 34. Re8+ Kf7 35. Ra8 Rc8 36.
Rxc8 Rxc8 0-1

[Event "Late-Titled-Tuesday-Blitz-February-06-2024"]
[Site "Chess.com"]
[Date "2024.02.06"]
[Round "8"]
[White "yaguigor"]
[Black "Nouali_Mohamed"]
[Result "1-0"]
[WhiteElo "2708"]
[BlackElo "2571"]
[TimeControl "180+1"]
[EndTime "15:28:33 PST"]
[Termination "yaguigor won by resignation"]

1. Nf3 Nf6 2. c4 g6 3. Nc3 Bg7 4. e4 d6 5. d4 O-O 6. Be2 c5 7. d5 a6 8. a4 e5 9. O-O Nh5 10. Kh1 Nf4 11. Re1 f5 12. Bxf4 exf4 13. exf5 Bxf5 14.
Bd3 Bg4 15. Qb3 Nd7 16. Ne4 Bxf3 17. gxf3 Ne5 18. Bf1 Rf5 19. Bh3 Rh5 20. Be6+ Kh8 21. Rg1 b5 22. axb5 axb5 23. Rxa8 Qxa8 24. cxb5 c4 25. Qa3 Qxa3 26. bxa3 Nxf3 27. h3 Nd4 28. b6 f3 29. b7 Nxe6 30. b8=Q+ Nf8 31. Rg3 Rxd5 32. Rxf3 Rd1+ 33. Kg2 Kg8 34. Nf6+ Kh8 35. Nd7 1-0

[Event "Late-Titled-Tuesday-Blitz-February-06-2024"]
[Site "Chess.com"]
[Date "2024.02.06"]
[Round "8"]
[White "ccccvhhhj"]
[Black "Mazetovic"]
[Result "1-0"]
[WhiteElo "2486"]
[BlackElo "2604"]
[TimeControl "180+1"]
[EndTime "15:28:33 PST"]
[Termination "ccccvhhhj won by resignation"]

1. d4 Nf6 2. Bg5 d5 3. Bxf6 gxf6 4. Nc3 c6 5. e3 e5 6. Qh5 Nd7 7. O-O-O b5 8. Nf3 b4 9. Ne2 e4 10. Nd2 a5 11. Kb1 a4 12. f3 exf3 13. gxf3 b3 14. cxb3 axb3 15. Nxb3 Nb6 16. Nc3 Qe7 17. e4 Be6 18. exd5 cxd5 19. Bb5+ Kd8 20. Rhe1 Qb4 21. Bc6 Rc8 22. Bxd5 Nxd5 23. Nxd5 Qc4 24. Nb6 Qc2+ 25. Ka1 Ba3 26. Rb1 Rc3 27. Qa5 Rxb3 28. Nc4+ Ke7 29. Nxa3 Rb7 30. Nxc2 1-0

[Event "Late-Titled-Tuesday-Blitz-February-06-2024"]
[Site "Chess.com"]
[Date "2024.02.06"]
[Round "8"]
[White "PNEPaul"]
[Black "SocoLoco"]
[Result "0-1"]
[WhiteElo "1874"]
[BlackElo "2178"]
[TimeControl "180+1"]
[EndTime "15:28:33 PST"]
[Termination "SocoLoco won on time"]

1. e4 c5 2. Nf3 e6 3. d4 cxd4 4. c3 Nf6 5. e5 Nd5 6. Bc4 d6 7. Bxd5 exd5 8. cxd4 dxe5 9. dxe5 Nc6 10. O-O Be7 11. Nc3 Be6 12. Bf4 O-O 13. Nd4 Nxd4 14. Qxd4 a6 15. Rad1 Rc8 16. Nxd5 Bc5 17. Qd2 Qh4 18.
Bg3 Qc4 19. b3 Qb5 20. Ne3 Bb4 21. Qd4 Qa5 22. Qf4 Qxa2 23. Bh4 Qa5 24. Bf6 Rfe8 25.
Qg5 Bf8 26. h4 Kh8 0-1

[Event "Late-Titled-Tuesday-Blitz-February-06-2024"]
[Site "Chess.com"]
[Date "2024.02.06"]
[Round "8"]
[White "mjelcic"]
[Black "Bala-Afiada"]
[Result "1-0"]
[WhiteElo "2210"]
[BlackElo "2019"]
[TimeControl "180+1"]
[EndTime "15:28:34 PST"]
[Termination "mjelcic won by resignation"]

1. d4 Nf6 2. Bf4 d5 3. e3 c5 4. c3 Nc6 5. Nd2 Qb6 6. Qb3 c4 7. Qc2 Qd8 8. e4 e6 9. Ngf3 b5 10. Ne5 Nxe5 11. Bxe5 b4 12. cxb4 Bd7 13. a3 Be7 14. f3 O-O 15. Be2 a5 16. bxa5 Qxa5 17. O-O Ba4 18. Qc1 Rfc8 19. Nb1 Nd7 20. Bf4 Nb6 21. Nc3 Be8 22. e5 Na4 23. Bd2 Nxc3 24. Bxc3 Qb6 25. Qe3 Qb3 26. Bd1 Qb7 27. Bc2 h6 28.
Rad1 Ba4 29. Bxa4 Rxa4 30. f4 Qb3 31. f5 Qc2 32. f6 Bf8 33. fxg7 Bxg7 34. Qf2 Qg6 35.
Qf4 Rf8 36. Rf3 Kh7 37. Rg3 Qf5 38. Qxf5+ exf5 39. Rf1 Raa8 40. Rxf5 f6 41. e6 Ra7 42. Rxd5 Re7 43. Rd6 Rfe8 44. d5 f5 45.
Bxg7 Rxg7 46. Rxg7+ Kxg7 47. Rc6 Kf6 48. Rxc4 Ke5 49.
Rc5 Kd6 50. Rb5 Rb8 51. Rxb8 1-0

[Event "Late-Titled-Tuesday-Blitz-February-06-2024"]
[Site "Chess.com"]
[Date "2024.02.06"]
[Round "8"]
[White "McCarthyStone"]
[Black "pfalcon1949"]
[Result "1-0"]
[WhiteElo "2366"]
[BlackElo "1969"]
[TimeControl "180+1"]
[EndTime "15:28:35 PST"]
[Termination "McCarthyStone won on time"]

1. Nf3 d5 2. g3 Nf6 3. Bg2 c5 4. O-O h6 5. c4 d4 6. b4 cxb4 7.
d3 Nc6 8. a3 bxa3 9. Bxa3 e6 10.
Bxf8 Kxf8 11. Qb3 Kg8 12. Nbd2 Kh7 13. Rfb1 Rb8 14. c5 Na5 15. Qb5 b6 16. cxb6 axb6 17. Ne5 Qc7 18. Rxa5 bxa5 19. Qxb8 Qc2 20. Nxf7 Rg8 21.
Ne4 Nd5 22. Qb2 Qc7 23. Nfd6 Nc3 24. Nxc3 dxc3 25. Be4+ Kh8 26. Qb6 Qe7 27. Rc1 Qf6 28.
Rxc3 Bd7 29. Rc7 Be8 30. Qxa5 1-0

[Event "Late-Titled-Tuesday-Blitz-February-06-2024"]
[Site "Chess.com"]
[Date "2024.02.06"]
[Round "8"]
[White "traviscottofficial"]
[Black "rdarruda"]
[Result "1/2-1/2"]
[WhiteElo "2673"]
[BlackElo "2551"]
[TimeControl "180+1"]
[EndTime "15:28:37 PST"]
[Termination "Game drawn by repetition"]

1. d4 Nf6 2. c4 e5 3. dxe5 Ne4 4.
Nf3 Nc6 5. e3 d6 6. Bd3 Nc5 7. Bc2 dxe5 8. Qxd8+ Kxd8 9. Nc3 Be6 10. b3 Nb4 11. Bb1 Nbd3+ 12. Ke2 Nxc1+ 13. Rxc1 f6 14.
Nd2 Be7 15. Nde4 Nxe4 16. Bxe4 c6 17. Na4 Ba3 18. Rc2 Kc7 19. c5 Rad8 20. Nb2 f5 21. Bd3 e4 22. Bc4 Bxb2 23. Rxb2 Bxc4+ 24. bxc4 Rd3 25. Rab1 Rb8 26. Rb3 Rd7 27. Ra3 a6 28. f4 Rbd8 29. Rb2 Rd3 30. Rab3 Rxb3 31. axb3 Rd3 32. h3 a5 33. g4 g6 34. g5 Kb8 35. h4 Ka7 36. Ra2 Rxb3 37. Rxa5+ Kb8 38. Ra2 Rc3 39. Rd2 Rxc4 40. Rd8+ Ka7 41. Rd7 Rxc5 42. Rxh7 Rc2+ 43. Kf1 Rc1+ 44. Kf2 Rc2+ 45. Kf1 Rc1+ 46. Kf2 Rc2+ 47.
Kf1 1/2-1/2

[Event "Late-Titled-Tuesday-Blitz-February-06-2024"]
[Site "Chess.com"]
[Date "2024.02.06"]
[Round "8"]
[White "lluiss"]
[Black "NovakRatko"]
[Result "0-1"]
[WhiteElo "2166"]
[BlackElo "2402"]
[TimeControl "180+1"]
[EndTime "15:28:37 PST"]
[Termination "NovakRatko won by resignation"]

1. e4 d5 2. e5 c5 3. Nf3 Nc6 4. Bb5 Qb6 5. a4 a6 6. Bxc6+ Qxc6 7. a5 Bg4 8. d3 d4 9. Nbd2 e6 10. O-O Ne7 11. Nc4 Nd5 12. h3 Bh5 13. Bd2 Be7 14. Re1 O-O 15. Qe2 Rad8 16. Qe4 f5 17. exf6 Rxf6 18.
Bg5 Bxf3 19. gxf3 Rg6 20. h4 Nb4 21. Ne5 Qxe4 22. Rxe4 Rxg5+ 23. hxg5 Nxc2 24. Rc1 Nb4 25. Rd1 Bxg5 26. Nc4 Kf7 27. Kf1 h5 28. Ke2 Nd5 29. Re5 Bf6 30. Re4 g5 31. Rh1 h4 32. Ne5+ Bxe5 33.
Rxe5 Kf6 34. Rg1 Kxe5 0-1

[Event "Late-Titled-Tuesday-Blitz-February-06-2024"]
[Site "Chess.com"]
[Date "2024.02.06"]
[Round "8"]
[White "N_Mullodzhanov"]
[Black "dennisodessa"]
[Result "0-1"]
[WhiteElo "2475"]
[BlackElo "2599"]
[TimeControl "180+1"]
[EndTime "15:28:38 PST"]
[Termination "dennisodessa won by checkmate"]

1. e4 e6 2. d4 d5 3. Nd2 Nf6 4.
e5 Nfd7 5. Bd3 c5 6. c3 Nc6 7. Ne2 cxd4 8. cxd4 f6 9. exf6 Qxf6 10. Nf3 h6 11. O-O Bd6 12. Bc2 O-O 13. Qd3 Rd8 14. Ng3 Nf8 15. Bd2 Bd7 16. Rae1 Be8 17. Ne5 Bxe5 18. dxe5 Qh4 19. f4 Rac8 20. Bb3 Bg6 21. f5 exf5 22. Bxd5+ Kh8 23. Rf4 Qe7 24. Nf1 Qc5+ 25.
Ne3 Ne7 26. Rc1 Rxd5 27. Qxd5 Nxd5 28. Rxc5 Rxc5 29. Nxf5 Ne6 30. Rf3 Rc2 31. Be1 Bxf5 32. Rxf5 Rxg2+ 33. Kxg2 Ne3+ 34. Kf3 Nxf5 35. Ke4 Ne7 36.
Bh4 g5 37. Be1 Kg7 38. Bb4 Kf7 39. b3 Nd8 40. Bc3 Ke6 41. a4 Nec6 42. b4 Nf7 43. b5 Ncxe5 44. Bd4 Nd6+ 45. Ke3 b6 46. Bb2 Ndc4+ 47.
Kd4 Nxb2 48. a5 bxa5 49. Kc5 a4 50. Kb4 Kd5 51. h4 gxh4 52. Ka3 Kc5 53. Ka2 Kxb5 54. Kxb2 h3 55. Kc3 Kc5 56. Kb2 h2 57. Kc2 h1=Q 58. Kc3 Qf3+ 59. Kd2 Kc4 60. Kc2 Qf2+ 61. Kb1 Kb3 62. Kc1 Qc2# 0-1

[Event "Late-Titled-Tuesday-Blitz-February-06-2024"]
[Site "Chess.com"]
[Date "2024.02.06"]
[Round "8"]
[White "ameetghasi100"]
[Black "HalfIsCrayfish"]
[Result "1-0"]
[WhiteElo "2733"]
[BlackElo "2580"]
[TimeControl "180+1"]
[EndTime "15:28:39 PST"]
[Termination "ameetghasi100 won by resignation"]

1. d4 Nf6 2. Nf3 g6 3. Bg5 Bg7 4. Nbd2 c5 5. e3 O-O 6. c3 b6 7.
Bd3 Bb7 8. O-O d6 9. Qe2 Nbd7 10. a4 a6 11. e4 e5 12. dxe5 Nxe5 13.
Nxe5 dxe5 14. Nc4 Qc7 15. a5 b5 16. Nb6 Rad8 17. c4 b4 18. Nd5 Qd6 19. Qf3 Nxd5 20. cxd5 f6 21. Bh4 Rc8 22. Qe2 f5 23. Rac1 Bf6 24.
Bxf6 Rxf6 25. Rc2 Rd8 26. Qe3 fxe4 27. Bxe4 Bxd5 28. Rd2 Qe6 29. Rfd1 Kg7 30. Rxd5 Rxd5 31. Rxd5 c4 32. h3 c3 33. bxc3 b3 34. c4 Rf4 35.
f3 Qe8 36. Qxb3 Kh6 37. Qb2 Qe7 38. Qxe5 Qa7+ 39. c5 Qf7 40. Qg5+ Kg7 41. c6 h6 42. Qe5+ Rf6 43. Rd7 Qxd7 44. cxd7 1-0